 Dungeon Crawl Stone Soup version 0.31-a0-175-g9f7f995f2b (webtiles) character file.

Game seed: 8025391025236224439

12 Monkooky the Trooper (level 2, 0/28 HPs)
             Began as a Minotaur Delver on June 16, 2023.
             Was an Initiate of Elyvilon.
             Succumbed to an adder's poison
             ... on level 4 of the Dungeon.
             The game lasted 00:03:05 (582 turns).

Monkooky the Trooper (Minotaur Delver)               Turns: 582, Time: 00:03:06

Health: 0/28       AC:  3    Str: 16    XL:     2   Next: 20%
Magic:  1/1        EV: 11    Int:  7    God:    Elyvilon [......]
Gold:   39         SH:  0    Dex: 11    Spells: 1/1 levels left

rFire   . . .        a - +0 short sword
rCold   . . .        (no shield)
rNeg    . . .        b - +0 leather armour
rPois   .            (helmet restricted)
rElec   .            (no cloak)
rCorr   .            (no gloves)
SInv    .            (no boots)
Will    +....        (no amulet)
Stlth   ++           (no ring)
HPRegen 0.24/turn    (no ring)
MPRegen 0.07/turn

%: no passive effects
@: lethally poisoned (0 -> -7), enlightened, flying
A: horns 2, retaliatory headbutt
a: Renounce Religion


You were on level 4 of the Dungeon.
You worshipped Elyvilon.
Elyvilon was noncommittal.
You visited 2 branches of the dungeon, and saw 3 of its levels.

You collected 39 gold pieces.

Inventory:

Hand Weapons
 a - a +0 short sword (weapon)
Missiles
 d - 5 javelins
Armour
 b - a +0 leather armour (worn)
Wands
 g - a wand of digging (1)
Scrolls
 c - a scroll of fog
 i - a scroll of identify {unknown}
Potions
 f - a potion of haste


   Skills:
 + Level 4.5 Fighting
 - Level 2.1 Short Blades
 - Level 2.1 Dodging
 - Level 4.1 Stealth


You had one spell level left.
You didn't know any spells.
Your spell library was empty.

Dungeon Overview and Level Annotations

Branches:
Dungeon (5/15)             Temple (1/1) D:5

Altars:
Ashenzari
Elyvilon
Fedhas
Gozag
Hepliaklqana
Kikubaaqudgha
Makhleb
Nemelex Xobeh
Okawaru
Qazlal
Sif Muna
Uskayaw
Vehumet
Xom
Yredelemnul
Zin
The Shining One

Annotations:
D:4 exclusion: door
D:5 1 runed translucent door, Eustachio


Innate Abilities, Weirdness & Mutations

You have a pair of horns on your head.
You reflexively headbutt those who attack you in melee.


Message History

You kill the orc!
Found a robe.
Things that are here:
a +0 club; an orc corpse
Found 11 gold pieces.
You see here a +0 robe.
Found 12 gold pieces.
Found a scroll labelled PEUNUAKESK.
You now have 27 gold pieces (gained 11).
You now have 39 gold pieces (gained 12).
The adder hisses angrily.
An orc comes into view. It is wielding a +0 club.
The adder bites you.
You hit the adder.
The adder is lightly wounded.
The adder bites you.
You closely miss the adder.
The adder is lightly wounded.
The adder bites you.
* * * LOW HITPOINT WARNING * * *
You are poisoned.
The adder poisons you!
You completely miss the adder.
The adder is lightly wounded.
You feel sick. The adder bites you.
* * * LOW HITPOINT WARNING * * *
You are more poisoned.
The adder poisons you!
Unknown command.
It was a potion of enlightenment.
You feel very buoyant.
You fly up into the air.
* * * LOW HITPOINT WARNING * * *
You feel sick. The adder misses you. You furiously retaliate!
You headbutt the adder. The adder bites you but does no damage.
Unknown command.
Okay, then.
As you read the scroll of fear, it crumbles to dust.
You assume a fearsome visage.
The adder looks frightened!
You die...

#............##...
#............##...
#............##...
#...?........##...
#............##...
#............#####
#............#
#.S..........#
#@...........#
#............####
##########......#
######[# #.# #.#
#.## #.). ####


You could see an adder (fleeing).

Vanquished Creatures
  An adder (D:4)
  An orc (D:4)
  A ball python (D:4)
  A kobold (D:4)
4 creatures vanquished.

Notes
Turn   | Place    | Note
-------+----------+-------------------------------------------
     0 | D:5      | Monkooky the Minotaur Delver began the quest for the Orb.
     0 | D:5      | Reached XP level 1. HP: 19/19 MP: 0/0
   102 | D:5      | Found a runed translucent door.
   161 | D:5      | Found a staircase to the Ecumenical Temple.
   172 | Temple   | Entered the Ecumenical Temple
   341 | Temple   | Became a worshipper of Elyvilon the Healer
   400 | D:5      | Noticed Eustachio
   405 | D:5      | Noticed a quasit
   443 | D:4      | Reached XP level 2. HP: 25/28 MP: 1/1
   582 | D:4      | Succumbed to an adder's poison

Illustrated notes

Levels and vault maps discovered:
D:4:      layout_basic, uniq_menkaure
D:5:      layout_basic, temple_pool_b, dk_noncrumbling_4, minivault_1,
          lightli_church_of_beogh, uniq_prince_ribbit1, uniq_eustachio
Temple:   bh_familiar_temple

Skill      XL: |  1 |
---------------+----+-----
Fighting       | 4 |  4.5
Short Blades   | |  2.1
Dodging        | |  2.1
Stealth        | |  4.1

Action                     || total
---------------------------++-------
  Melee: Short sword       ||    13
         Headbutt          ||     1
  Evoke: Wand              ||     2
    Use: Scroll            ||     3
         Potion            ||     1
 Armour: Leather armour    ||     3
  Dodge: Dodged            ||     7

Table legend: (Time is in decaauts)
 A = Elapsed time spent in this place.
 B = Non-inter-level travel time spent in this place.
 C = Inter-level travel time spent in this place.
 D = Time resting spent in this place.
 E = Time spent auto-exploring this place.
 F = Levels seen in this place.
 G = Mean time per level.
                   A        B        C        D        E       F      G
               +--------+--------+--------+--------+--------+-----+--------+
         Total |    584 |    547 |     37 |     14 |    165 |   3 |  194.7 |
       Dungeon |    392 |    383 |      9 |     14 |      8 |   2 |  196.0 |
        Temple |    191 |    163 |     28 |      0 |    157 |   1 |  191.0 |
               +--------+--------+--------+--------+--------+-----+--------+

Top non-repeatable levels by time:
     D:5: 221 daAuts
  Temple: 191 daAuts
     D:4: 171 daAuts
